 Dungeon Crawl Stone Soup version 0.15.2 (webtiles) character file.

280386 kae the Shatterer (level 19, -4/166 HPs)
             Began as a Minotaur Fighter on Dec 27, 2014.
             Was the Champion of Qazlal.
             Killed from afar by a deep elf annihilator (36 damage)
             ... with an iron shot
             ... on Level 3 of the Elven Halls on Dec 28, 2014.
             The game lasted 01:36:34 (48698 turns).

kae the Shatterer (Minotaur Fighter)               Turns: 48698, Time: 01:36:34

HP  -4/166       AC 27     Str 28      XL: 19   Next: 68%
MP  29/29        EV 10     Int 11      God: Qazlal [******]
Gold 2721        SH 15     Dex 14      Spells:  0 memorised, 18 levels left

rFire  + . .     SeeInvis +     a - +8 morningstar of Desperation {crush, MR++ Dex+2}
rCold  . . .     Clarity  +     j - +3 plate armour "Ovauhiaqel" {rElec rF+ Int+4}
rNeg   + . .     rCorr    .     e - +0 buckler
rPois  .         rRot     .     (helmet restricted)
rElec  +         Spirit   .     D - +0 cloak
SustAb .         Warding  .     z - +2 pair of gloves {Str+3}
rMut   .         Stasis   .     H - +2 pair of boots {run}
Gourm  .                        i - amulet of clarity
MR     ++++.                    v - ring of positive energy
                                Z - +7 ring of slaying

@: lethally poisoned, corroded equipment, repel missiles, quick, incredibly
resistant to hostile enchantments, extremely unstealthy
A: retaliatory headbutt, horns 2, icy blue scales 1, see invisible, breathe
flames 1, frail 1, magic resistance 1
a: Upheaval, Elemental Force, Disaster Area, Renounce Religion, Breathe Fire
}: 2/15 runes: serpentine, barnacled


You were on level 3 of the Elven Halls.
You worshipped Qazlal.
Qazlal was exalted by your worship.
You were not hungry.

You visited 7 branches of the dungeon, and saw 41 of its levels.
You also visited: Ossuary and Bailey.

You collected 4343 gold pieces.
You spent 1622 gold pieces at shops.

Inventory:

Hand weapons
 a - the +8 morningstar of Desperation (weapon) {crush, MR++ Dex+2}
   (You acquired it on level 3 of the Shoals)

   It inflicts extra damage upon your enemies.
   It affects your dexterity (+2).
   It affects your resistance to hostile enchantments.
 b - a +2 morningstar of draining
 c - a +3 great mace of holy wrath
Missiles
 d - 4 tomahawks of returning
 F - 4 tomahawks (quivered)
Armour
 e - a +0 buckler (worn)
 j - the +3 plate armour "Ovauhiaqel" (worn) {rElec rF+ Int+4}
   (You bought it in a shop on level 4 of the Orcish Mines)

   It affects your intelligence (+4).
   It protects you from fire.
   It insulates you from electricity.
 z - a +2 pair of gloves of strength (worn)
 D - a +0 cloak (worn)
 H - a +2 pair of boots of running (worn)
Magical devices
 t - a wand of draining (6)
 x - a wand of disintegration (9)
 L - a wand of disintegration (11)
 Q - a wand of teleportation (3)
 V - a wand of digging (2)
Comestibles
 m - 3 bread rations
 r - 64 fruits
Scrolls
 h - 15 scrolls of remove curse
 l - a scroll of fog
 o - 4 scrolls of fear
 u - 10 scrolls of teleportation
 w - a scroll of enchant armour
 G - 18 scrolls of identify
 R - a scroll of silence
 Y - a scroll of blinking
Jewellery
 f - a +2 ring of dexterity
 i - an amulet of clarity (around neck)
 k - an uncursed ring of regeneration
 v - a ring of positive energy (right hand)
 y - an uncursed amulet of stasis
 O - an uncursed ring of poison resistance
 P - an uncursed ring of protection from cold
 W - an uncursed ring of protection from fire
 Z - a +7 ring of slaying (left hand)
Potions
 g - 4 potions of might
 n - 9 potions of curing
 p - 12 potions of heal wounds
 q - 3 potions of agility
 s - 3 potions of haste
 K - a potion of invisibility
 N - a potion of restore abilities
 T - 2 potions of flight
 U - a potion of berserk rage
Books
 B - a book of Dreams

   Spells                             Type                      Level
   Ensorcelled Hibernation            Hexes/Ice                    2
   Flight                             Charms/Air                   3
   Phase Shift                        Translocation                5
   Shadow Creatures                   Summoning                    5
   Mass Confusion                     Hexes                        6
   Darkness                           Hexes                        7


   Skills:
 - Level 20.2 Fighting
 - Level 22.7 Maces & Flails
 - Level 19.9 Armour
 - Level 10.3 Dodging
 + Level 11.1 Shields
 - Level 11.1 Invocations


You had 18 spell levels left.
You didn't know any spells.

Dungeon Overview and Level Annotations

Branches:
Dungeon (15/15)            Temple (1/1) D:4             Orc (4/4) D:10
    Elf (3/3) Orc:3          Lair (8/8) D:9          Shoals (5/5) Lair:5
  Snake (5/5) Lair:4        Slime (0/6) Lair:7       Vaults (0/5) D:13
 Depths (0/5) D:15

Altars:
Ashenzari
Cheibriados
Dithmenos
Elyvilon
Fedhas
Kikubaaqudgha
Makhleb
Nemelex Xobeh
Okawaru
Qazlal
Sif Muna
Trog
Vehumet
Xom
Yredelemnul
Zin
The Shining One
Beogh
Jiyva

Shops:
D:4 [   D:9 [   Orc:3 :   Orc:4 *[(!*   Elf:1 %   Elf:2 [*   Elf:3 :
Shoals:2 [   Shoals:4 [[   Snake:4 (


Innate Abilities, Weirdness & Mutations

You reflexively headbutt those who attack you in melee.
You have a pair of horns on your head.
You are partially covered in icy blue scales (AC +1).
You have supernaturally acute eyesight.
You can breathe flames.
You are frail (-10% HP).
You are resistant to hostile enchantments.


Message History

The deep elf annihilator mumbles some strange words.
The deep elf annihilator blinks!
The deep elf fighter casts a spell.
You feel troubled.
The deep elf sorcerer points at you and mumbles some strange words.
The hellfire explodes!
The blast of hellfire engulfs you!
* * * LOW HITPOINT WARNING * * *
The deep elf demonologist gestures wildly while chanting.
The deep elf conjurer is engulfed in freezing vapours.
Unknown command.
Drink which item? (? for menu, Esc to quit)
You feel much better.
You feel sick.
You block the deep elf annihilator's attack.
There is an entrance to Coshol's Book Emporium here.
You puncture the deep elf annihilator!
The deep elf annihilator is moderately wounded.
You feel sick.
The deep elf annihilator casts a spell at you.
The iron shot hits you!
You die...

#e.# #e.#
#.3# #e4#
##ee########
#e).#.......
#.e.........
#e###........
#..@e........
#.#####.....#
#.# ##.## #.#
#.# ... ###


You could see 2 deep elf annihilators, a deep elf sorcerer, a deep elf
demonologist, 2 deep elf high priests, a hellwing, a deep elf conjurer, a
neqoxec, a deep elf priest and a deep elf mage.

Vanquished Creatures
  Saint Roka (Shoals:3)
  Nikola (Snake:5)
  Asterion (Snake:4)
  Polyphemus (Shoals:2)
  6 krakens
  Ilsuiw (Shoals:3)
  Donald (Snake:2)
  11 greater nagas
  Wiglaf (Snake:5)
  2 orc warlords
  A deep elf sorcerer (Elf:3)
  2 spectral weapons (Snake:4)
  A deep elf demonologist (Elf:2)
  A deep elf annihilator (Elf:3)
  8 vault guards (D:13)
  2 merfolk javelineers (Shoals:5)
  10 merfolk impalers
  A yaktaur captain (D:15)
  Fannar (D:12)
  Harold (Orc:4)
  10 hydras
  An ice dragon (shapeshifter) (Elf:1)
  10 ravenous item mimics (Snake:3)
  2 alligator snapping turtles
  18 naga warriors
  7 merfolk aquamancers (Shoals:5)
  2 sirens
  The ghost of jclain the Cleaver, an experienced MiBe of Trog (Orc:1)
  4 satyrs (Shoals:5)
  8 anacondas
  4 orc high priests
  The ghost of Dirian the Carver, an experienced MiFi of Okawaru (D:8)
  2 centaur warriors
  13 shock serpents
  2 death yaks (Shoals:2)
  7 naga sharpshooters
  16 spriggans
  A soul eater (Shoals:5)
  Nergalle (Lair:1)
  3 catoblepae
  2 salamander mystics (Snake:5)
  5 skeletal warriors (D:12)
  12 deep elf knights
  A death drake (shapeshifter) (Elf:1)
  15 sea snakes
  5 unseen horrors
  11 orc knights
  14 harpies
  5 deep elf summoners
  Pikel (D:4)
  4 naga ritualists
  5 hill giants
  10 cyclopes
  A wolf spider (D:15)
  15 deep elf conjurers
  5 mana vipers
  3 orc sorcerers
  4 ugly things
  13 griffons
  9 water nymphs
  9 fauns
  4 oklob plants (Lair:2)
  10 salamanders
  28 black mambas
  16 elephants
  Maurice (D:8)
  10 manticores
  2 drowned souls
  12 mermaids
  11 guardian serpents
  An octopode (shapeshifter) (D:15)
  A spiny frog (shapeshifter) (Elf:1)
  19 naga magi
  A smoke demon (Elf:1)
  An iron devil (Elf:1)
  An efreet (D:15)
  A yaktaur (D:15)
  A queen ant (Lair:3)
  A small abomination (Elf:2)
  Psyche (Orc:4)
  2 gargoyles
  A fire drake (Lair:7)
  15 spiny frogs
  6 komodo dragons
  A hydra zombie (D:13)
  16 item mimics
  A spriggan druid (Lair:8)
  4 deep elf priests
  5 wind drakes
  8 trolls
  Sonja (D:13)
  9 polar bears
  A freezing wraith (D:15)
  29 merfolk
  A red wasp zombie (D:14)
  8 slime creatures (D:12)
  10 snapping turtles
  15 deep elf magi
  3 basilisks
  21 blink frogs
  2 trapdoor spiders (D:14)
  8 redbacks (Lair:8)
  5 shadows
  3 wyverns
  7 water elementals
  2 wraiths
  20 deep elf fighters
  A hill giant zombie (D:9)
  8 hippogriffs
  A vampire (D:14)
  Grum (D:8)
  A hungry ghost (D:9)
  4 wargs
  6 vampire mosquitoes
  A hill giant skeleton (D:9)
  12 yaks
  The ghost of kae the Sneak, an average SpEn (D:4)
  63 nagas
  24 wolves
  Edmund (D:7)
  Menkaure (D:4)
  17 porcupines
  9 soldier ants
  19 water moccasins
  3 slaves (D:4)
  3 phantoms
  5 yellow wasps
  7 sky beasts
  7 black bears
  8 ice beasts
  7 ogres
  60 orc warriors
  13 crocodiles
  A boring beetle (Lair:7)
  4 boggarts (D:14)
  Duvessa (D:9)
  2 brain worms
  18 centaurs
  18 giant frogs
  A yaktaur zombie (D:15)
  Blork the orc (D:8)
  A gnoll sergeant (D:9)
  5 big kobolds
  A wyvern zombie (D:8)
  A cyclops zombie (D:12)
  An eye of draining (D:14)
  12 insubstantial wisps (D:15)
  A water moccasin zombie (Ossuary)
  A hippogriff zombie (D:8)
  4 scorpions
  5 killer bees (D:14)
  5 wights (D:9)
  An electric eel (Lair:5)
  A troll skeleton (D:14)
  Dowan (D:9)
  A goliath beetle (D:5)
  6 crimson imps
  2 centaur zombies
  A giant frog zombie (D:8)
  7 lava snakes (Snake:2)
  10 hounds
  An iron imp (D:9)
  55 orc priests
  3 jellies
  A giant frog skeleton (D:6)
  6 iguanas
  38 orc wizards
  2 orange rats (Elf:1)
  30 worker ants
  22 sheep
  A crocodile zombie (D:8)
  A sky beast zombie (D:7)
  Ijyb (D:6)
  2 big kobold zombies (Ossuary)
  A hound zombie (D:6)
  2 mummies (Ossuary)
  20 gnolls
  2 hound skeletons
  23 adders
  An orc skeleton (D:8)
  56 green rats
  5 shadow imps
  2 worms
  An iguana zombie (D:10)
  7 adder zombies (Ossuary)
  A gnoll skeleton (D:8)
  5 giant geckos
  An ooze (D:4)
  261 orcs
  A bat zombie (D:8)
  5 giant cockroaches
  31 hobgoblins
  7 jackals
  12 quokkas
  6 ball pythons
  14 bats
  A giant gecko skeleton (D:4)
  A giant gecko zombie (D:6)
  5 giant newts
  4 gnoll zombies (Ossuary)
  25 goblins
  2 goblin skeletons
  A goblin zombie (D:9)
  8 hobgoblin zombies
  32 kobolds
  2 kobold skeletons
  5 kobold zombies
  8 orc zombies
  A quokka skeleton (D:6)
  11 rats
  A spectral orc (Lair:1)
  11 ballistomycetes
  A bush (Lair:7)
  60 fungi
  93 plants
  16 tentacles
  4 tentacle segments
1957 creatures vanquished.

Vanquished Creatures (collateral kills)
  A greater naga (Snake:5)
  A naga warrior (Snake:5)
  A salamander (Snake:2)
  A black mamba (Snake:2)
  A naga mage (Snake:2)
  A naga (Snake:5)
  An orc priest (Orc:4)
  2 orcs (Orc:4)
9 creatures vanquished.

Vanquished Creatures (others)
  3 ball lightnings (D:15)
  9 drowned souls
  An air elemental (Snake:5)
  A water elemental (Snake:5)
  An orc (Shoals:4)
  4 giant spores
  A fungus (Lair:8)
  9 plants
  27 tentacles
  362 tentacle segments
418 creatures vanquished.

Grand Total: 2384 creatures vanquished

Notes
Turn   | Place    | Note
--------------------------------------------------------------
     0 | D:1      | kae, the Minotaur Fighter, began the quest for the Orb.
     0 | D:1      | Reached XP level 1. HP: 19/19 MP: 1/1
   263 | D:1      | Reached XP level 2. HP: 26/26 MP: 1/1
   602 | D:1      | Reached skill level 4 in Maces & Flails
   895 | D:2      | Reached XP level 3. HP: 28/31 MP: 2/2
  1171 | D:2      | Reached skill level 5 in Maces & Flails
  1404 | D:2      | Reached XP level 4. HP: 26/39 MP: 2/2
  1766 | D:2      | Reached skill level 6 in Maces & Flails
  1766 | D:2      | Reached XP level 5. HP: 45/45 MP: 2/2
  1918 | D:3      | Found a white marble altar of Elyvilon.
  2542 | D:4      | Noticed kae's ghost (average SpEn)
  2550 | D:4      | Killed kae's ghost
  2550 | D:4      | Reached skill level 7 in Maces & Flails
  2550 | D:4      | Reached XP level 6. HP: 51/51 MP: 3/3
  2552 | D:4      | Reached skill level 8 in Maces & Flails
  2658 | D:4      | Found a snail-covered altar of Cheibriados.
  2705 | D:4      | Noticed Menkaure
  2706 | D:4      | Found a staircase to the Ecumenical Temple.
  2813 | D:4      | Found Treur's Antique Armour Shop.
  2840 | Temple   | Entered the Ecumenical Temple
  2860 | Temple   | Became a worshipper of Qazlal Stormbringer
  2918 | D:4      | Bought a pair of embroidered boots for 99 gold pieces
  2924 | D:4      | Identified a +1 pair of boots of running (You bought it in a shop on level 4 of the Dungeon)
  3101 | D:4      | Found a shattered altar of Ashenzari.
  3101 | D:4      | Found a shadowy altar of Dithmenos.
  3138 | D:4      | Reached skill level 9 in Maces & Flails
  3162 | D:4      | Noticed a slave
  3163 | D:4      | Noticed a slave
  3163 | D:4      | Noticed a slave
  3164 | D:4      | Noticed Pikel
  3165 | D:4      | Noticed a slave
  3170 | D:4      | Killed Menkaure
  3170 | D:4      | Reached XP level 7. HP: 27/57 MP: 3/3
  3185 | D:4      | Killed a slave
  3238 | D:4      | Killed Pikel
  3238 | D:4      | Reached skill level 11 in Maces & Flails
  3238 | D:4      | Reached XP level 8. HP: 30/64 MP: 3/3
  3263 | D:4      | Killed a freed slave
  3369 | D:4      | Killed a freed slave
  3468 | D:5      | Entered Level 5 of the Dungeon
  3518 | D:5      | Found a sand-covered staircase.
  3523 | Ossuary  | Entered an ossuary
  3548 | Ossuary  | Acquired Qazlal's first power
  3754 | D:5      | Reached skill level 12 in Maces & Flails
  4113 | D:5      | Acquired Qazlal's second power
  4364 | D:5      | Reached skill level 13 in Maces & Flails
  4660 | D:5      | Found a shadowy altar of Dithmenos.
  4857 | D:6      | Noticed a troll
  4868 | D:5      | Killed a troll
  4868 | D:5      | Reached XP level 9. HP: 27/70 MP: 4/4
  5042 | D:6      | Reached skill level 14 in Maces & Flails
  5414 | D:6      | Acquired Qazlal's third power
  5489 | D:6      | Reached skill level 15 in Maces & Flails
  5525 | D:6      | Noticed Ijyb
  5529 | D:6      | Killed Ijyb
  6025 | D:7      | Gained mutation: You are frail (-10% HP). [potion of mutation]
  6025 | D:7      | Gained mutation: You are partially covered in icy blue scales (AC +1). [potion of mutation]
  6025 | D:7      | Gained mutation: You have supernaturally acute eyesight. [potion of mutation]
  6027 | D:7      | Gained mutation: You are resistant to hostile enchantments. [potion of beneficial mutation]
  6107 | D:7      | Noticed Edmund
  6113 | D:7      | Killed Edmund
  6132 | D:7      | Found an ancient bone altar of Kikubaaqudgha.
  6382 | D:7      | Reached skill level 16 in Maces & Flails
  6572 | D:7      | Found an iron altar of Okawaru.
  6573 | D:7      | Found a bloodstained altar of Trog.
  6576 | D:7      | Acquired Qazlal's fourth power
  6645 | D:7      | Reached XP level 10. HP: 17/69 MP: 4/4
  6957 | D:8      | Noticed Maurice
  6973 | D:8      | Killed Maurice
  7018 | D:8      | Noticed Blork the orc
  7027 | D:8      | Killed Blork the orc
  7218 | D:8      | Noticed Dirian's ghost (experienced MiFi)
  7229 | D:8      | Killed Dirian's ghost
  7229 | D:8      | Reached skill level 17 in Maces & Flails
  7317 | D:8      | Noticed Grum
  7330 | D:8      | Killed Grum
  7666 | D:9      | Identified a scroll of acquirement
  7731 | D:9      | Reached skill level 18 in Maces & Flails
  7746 | D:9      | Acquired Qazlal's fifth power
  7785 | D:9      | Found a glowing golden altar of the Shining One.
  7890 | D:9      | Found a staircase to the Lair.
  8006 | D:9      | Noticed Duvessa
  8011 | D:9      | Noticed Dowan
  8015 | D:9      | Killed Duvessa
  8015 | D:9      | Reached XP level 11. HP: 69/73 MP: 4/4
  8021 | D:9      | Killed Dowan
  8403 | D:9      | Found a deep blue altar of Sif Muna.
  8432 | D:9      | Found Qeizenu's Antique Armour Boutique.
  8602 | D:10     | Entered Level 10 of the Dungeon
  9022 | D:10     | Reached skill level 19 in Maces & Flails
  9399 | D:10     | Found a staircase to the Orcish Mines.
  9812 | Lair:1   | Entered Level 1 of the Lair of Beasts
 10210 | Lair:1   | Noticed Nergalle
 10239 | Lair:1   | Noticed a spectral orc warlord
 10241 | Lair:1   | Killed Nergalle
 10592 | Lair:1   | Reached skill level 20 in Maces & Flails
 11624 | Lair:2   | Reached skill level 21 in Maces & Flails
 11624 | Lair:2   | Reached XP level 12. HP: 47/81 MP: 5/5
 12249 | Lair:3   | Noticed a seven-headed hydra
 12574 | Lair:3   | Killed a seven-headed hydra
 12941 | Lair:3   | Reached skill level 5 in Fighting
 12942 | Lair:3   | Reached skill level 5 in Armour
 13226 | Lair:4   | Noticed a five-headed hydra
 13232 | Lair:4   | Killed a five-headed hydra
 13233 | Lair:4   | Found a staircase to the Snake Pit.
 13283 | Lair:4   | Noticed an eight-headed hydra
 13292 | Lair:4   | Killed an eight-headed hydra
 14040 | Lair:4   | Noticed an eight-headed hydra
 14048 | Lair:4   | Killed an eight-headed hydra
 14048 | Lair:4   | Reached XP level 13. HP: 54/99 MP: 5/5
 14517 | Lair:5   | Found a staircase to the Shoals.
 15123 | Lair:5   | Reached skill level 10 in Fighting
 15123 | Lair:5   | Reached skill level 10 in Armour
 16030 | Lair:6   | You fall through a shaft!
 16341 | Lair:7   | Found a viscous altar of Jiyva.
 16342 | Lair:7   | Found a staircase to the Slime Pits.
 17084 | Lair:8   | Entered Level 8 of the Lair of Beasts
 17566 | Lair:8   | Reached XP level 14. HP: 76/114 MP: 5/5
 18650 | Orc:1    | Entered Level 1 of the Orcish Mines
 18727 | Orc:1    | Noticed jclain's ghost (experienced MiBe)
 18734 | Orc:1    | Killed jclain's ghost
 18752 | Orc:1    | Reached skill level 1 in Invocations
 18913 | Orc:1    | Found a roughly hewn altar of Beogh.
 19343 | Orc:2    | Found a white marble altar of Elyvilon.
 19561 | Orc:1    | Found a burning altar of Makhleb.
 19783 | Orc:3    | Found Muid's Book Boutique.
 19811 | Orc:3    | Found a bloodstained altar of Trog.
 19927 | Orc:3    | Found a staircase to the Elven Halls.
 20036 | Orc:3    | Found a bloodstained altar of Trog.
 20486 | Orc:4    | Entered Level 4 of the Orcish Mines
 20491 | Orc:4    | Noticed Psyche
 20495 | Orc:4    | Noticed Harold
 20496 | Orc:4    | Killed Psyche
 20500 | Orc:4    | Killed Harold
 20697 | Orc:4    | Found a roughly hewn altar of Beogh.
 20713 | Orc:4    | Found Faeban's Distillery.
 20875 | Orc:4    | Found a roughly hewn altar of Beogh.
 20886 | Orc:4    | Found Duntycihukk's General Store.
 21049 | Orc:4    | Found a roughly hewn altar of Beogh.
 21181 | Orc:4    | Found a roughly hewn altar of Beogh.
 21228 | Orc:4    | Noticed an orc warlord
 21238 | Orc:4    | Killed an orc warlord
 21383 | Orc:4    | Found Ywaah's Antique Weapon Emporium.
 21383 | Orc:4    | Found a roughly hewn altar of Beogh.
 21388 | Orc:4    | Found Xyimahau's Antique Armour Shoppe.
 21549 | Orc:4    | Reached skill level 5 in Invocations
 21551 | Orc:4    | Found a roughly hewn altar of Beogh.
 21553 | Orc:4    | Found Skifu's Assorted Antiques.
 21695 | Orc:4    | Bought an uncursed ring of regeneration for 450 gold pieces
 21732 | Orc:4    | Bought a distressingly furry plate armour for 532 gold pieces
 21733 | Orc:4    | Bought a pair of glowing gloves for 85 gold pieces
 21764 | Orc:4    | Identified the +3 plate armour "Ovauhiaqel" {rElec rF+ Int+4} (You bought it in a shop on level 4 of the Orcish Mines)
 22805 | D:12     | Noticed Fannar
 22823 | D:12     | Killed Fannar
 22886 | D:12     | Found a flagged portal.
 22892 | Bailey   | Entered a bailey
 23671 | D:12     | Reached XP level 15. HP: 125/125 MP: 21/21
 23989 | D:13     | Found a gate to the Vaults.
 24653 | D:13     | Noticed Sonja
 24655 | D:13     | Killed Sonja
 24751 | D:14     | Reached skill level 15 in Fighting
 25981 | D:15     | Entered Level 15 of the Dungeon
 26160 | D:15     | Found a staircase to the Depths.
 26446 | D:15     | Reached skill level 10 in Invocations
 27219 | D:12     | Reached skill level 15 in Armour
 27555 | Snake:1  | Entered Level 1 of the Snake Pit
 28264 | Snake:2  | Reached XP level 16. HP: 104/135 MP: 27/27
 28502 | Snake:2  | Reached skill level 1 in Dodging
 28652 | Snake:2  | Noticed Donald
 28657 | Snake:2  | Killed Donald
 31052 | Snake:4  | Reached skill level 5 in Dodging
 31089 | Snake:4  | Found Ekhid's Antique Weapon Boutique.
 31652 | Snake:4  | Noticed Asterion
 31672 | Snake:4  | Killed Asterion
 32409 | Snake:5  | Entered Level 5 of the Snake Pit
 32419 | Snake:5  | Reached XP level 17. HP: 103/145 MP: 27/27
 32757 | Snake:5  | Noticed Wiglaf
 32774 | Snake:5  | Killed Wiglaf
 33100 | Snake:5  | Noticed Nikola
 33107 | Snake:5  | Killed Nikola
 35179 | Snake:5  | Found a white marble altar of Elyvilon.
 35957 | Snake:5  | Got a serpentine rune of Zot
 36618 | Shoals:1 | Entered Level 1 of the Shoals
 36664 | Lair:5   | HP: 6/149 [poisoned by a sea snake]
 37231 | Shoals:1 | Reached XP level 18. HP: 100/158 MP: 28/28
 38371 | Shoals:2 | Found Tiukh's Antique Armour Emporium.
 38569 | Shoals:2 | Noticed Polyphemus
 38593 | Shoals:2 | Killed Polyphemus
 38836 | Shoals:2 | Reached skill level 22 in Maces & Flails
 39885 | Shoals:3 | Noticed Ilsuiw
 39922 | Shoals:3 | Killed Ilsuiw
 40782 | Shoals:4 | Noticed Saint Roka
 40787 | Shoals:3 | Got a pitted morningstar
 40788 | Shoals:3 | Identified the +8 morningstar of Desperation {crush, MR++ Dex+2} (You acquired it on level 3 of the Shoals)
 41343 | Shoals:3 | Killed Saint Roka
 41503 | Shoals:3 | Gained mutation: You can breathe flames. [potion of beneficial mutation]
 42023 | Shoals:4 | Found Pnuaxkoa's Antique Armour Shoppe.
 42031 | Shoals:4 | Bought a pair of heavily runed boots for 294 gold pieces
 42032 | Shoals:4 | Identified the cursed +1 pair of boots "Threwuitu" {Dex+5 Int+3} (You bought it in a shop on level 4 of the Shoals)
 42154 | Shoals:4 | Found Shriyreca's Antique Armour Shop.
 42240 | Shoals:5 | Entered Level 5 of the Shoals
 43495 | Shoals:5 | Got an ancient copper ring
 43981 | Shoals:5 | Reached skill level 10 in Dodging
 44125 | Shoals:5 | Identified the ring of the Two Names {+Inv rF+ Dex+3} (You took it off a merfolk on level 5 of the Shoals)
 44525 | Shoals:5 | Reached XP level 19. HP: 162/166 MP: 29/29
 46105 | Shoals:5 | Got a barnacled rune of Zot
 46521 | Elf:1    | Entered Level 1 of the Elven Halls
 46807 | Elf:1    | Reached skill level 5 in Shields
 46831 | Elf:1    | Found Clepach's Food Boutique.
 48193 | Elf:2    | Found Zuosm's General Store.
 48253 | Elf:2    | Reached skill level 10 in Shields
 48370 | Elf:2    | Found Fraygh's Antique Armour Shoppe.
 48378 | Elf:2    | Bought a pair of glowing gloves for 162 gold pieces
 48678 | Elf:3    | Entered Level 3 of the Elven Halls
 48678 | Elf:3    | Found Coshol's Book Emporium.
 48698 | Elf:3    | Killed from afar by a deep elf annihilator

Action                   |  1- 3 |  4- 6 |  7- 9 | 10-12 | 13-15 | 16-18 | 19-21 || total
-------------------------+-------+-------+-------+-------+-------+-------+-------++-------
Melee: Flail             |    87 |   131 |    23 |       |       |       |       ||   241
       Whip              |       |       |   501 |    45 |       |       |       ||   546
       Morningstar       |       |       |       |    71 |       |   261 |   352 ||   684
       Great mace        |       |       |       |   473 |  1442 |  1001 |       ||  2916
Throw: Tomahawk          |       |       |       |       |     1 |       |       ||     1
Invok: Upheaval          |       |       |       |     2 |     3 |    19 |     1 ||    25
       Elemental Force   |       |       |       |       |     3 |     4 |       ||     7
       Disaster Area     |       |       |       |       |       |     1 |       ||     1
Evoke: Wand              |       |       |       |     7 |    10 |     2 |       ||    19
  Use: Potion            |       |     1 |     8 |     5 |     1 |     4 |     2 ||    21
       Scroll            |       |     3 |    17 |     7 |    10 |    10 |       ||    47
 Stab: Distracted        |       |       |       |       |       |     1 |       ||     1
       Petrified         |       |       |       |       |       |     3 |       ||     3
  Eat: Chunk             |     1 |     6 |    11 |    21 |    38 |    28 |     5 ||   110
       Fruit             |       |       |       |     1 |     5 |     5 |       ||    11
       Meat ration       |       |       |       |       |       |     2 |     1 ||     3
       Bread ration      |       |       |       |       |       |     1 |     1 ||     2
       Pizza             |       |       |       |       |       |     1 |     1 ||     2
       Beef jerky        |       |       |       |       |       |     1 |       ||     1
